 Dungeon Crawl Stone Soup version 0.26.0-20-g3ca415f5b8 (webtiles) character file.

Game seed: 17598007512301037145

2517 kaeus the Fighter (level 9, 0/82 HPs)
             Began as a Minotaur Fighter on Jan 25, 2021.
             Was an Elder of the Shining One.
             Slain by a gnoll sergeant
             ... wielding a +0 trident
              (10 damage)
             ... on level 7 of the Dungeon.
             The game lasted 00:08:55 (6992 turns).

kaeus the Fighter (Minotaur Fighter)                Turns: 6992, Time: 00:08:56

Health: 0/82       AC:  8    Str: 23    XL:     9   Next: 29%
Magic:  8/8        EV:  8    Int:  5    God:    the Shining One [****..]
Gold:   592        SH: 12    Dex: 15    Spells: 8/8 levels left

rFire    . . .     SeeInvis .   a - +1 war axe
rCold    . . .     Faith    +   c - +0 kite shield
rNeg     + + +     Spirit   .   b - +0 scale mail
rPois    .         Reflect  .   (helmet restricted)
rElec    .         Harm     .   (no cloak)
rCorr    .         Rampage  .   (no gloves)
Will     .....                  (no boots)
Stlth    ..........             h - amulet of faith
HPRegen  0.23/turn              j - ring of positive energy
MPRegen  0.11/turn              q - +6 ring of dexterity

@: glowing
A: retaliatory headbutt, horns 2, clumsy 1
a: Renounce Religion, Divine Shield, Cleansing Flame


You were on level 7 of the Dungeon.
You worshipped the Shining One.
The Shining One was greatly pleased with you.
You visited 2 branches of the dungeon, and saw 8 of its levels.
You also visited: Ossuary.

You collected 592 gold pieces.

Inventory:

Hand Weapons
 a - a +1 war axe (weapon)
Armour
 b - a +0 scale mail (worn)
 c - a +0 kite shield (worn)
 y - +0 steam dragon scales
 A - the +1 leather armour of Oppoabbe {Rampage Will- Dex+5}
   (You found it on level 6 of the Dungeon)

   It affects your dexterity (+5).
   It affects your willpower, your defense against some magical effects.
   It bestows one free step when moving towards enemies.
Jewellery
 h - an amulet of faith (around neck)
 j - a ring of positive energy (left hand)
 o - an uncursed ring of flight
 q - a +6 ring of dexterity (right hand)
 D - a cursed amulet of inaccuracy {unknown}
Wands
 C - a wand of paralysis (10)
Scrolls
 f - 6 scrolls of identify
 i - 9 scrolls of remove curse
 k - 3 scrolls of magic mapping
 l - 3 scrolls of fear
 n - a scroll of blinking
 s - a scroll of teleportation {unknown}
 t - a scroll of holy word
 w - a scroll of enchant armour
 B - a scroll of amnesia {unknown}
Potions
 d - 2 potions of might
 e - 6 potions of curing
 g - 2 potions of haste
 m - a potion of ambrosia
 p - a potion of attraction {unknown}
 r - a potion of mutation
 u - a potion of brilliance {unknown}
 v - a potion of cancellation {unknown}
 z - a potion of resistance


   Skills:
 + Level 8.4 Fighting
 + Level 7.9 Axes
 + Level 8.4 Armour
 + Level 8.4 Shields


You had 8 spell levels left.
You didn't know any spells.
Your spell library contained the following spells:

 Spells                   Type           Power        Failure   Level
 Magic Dart               Conj           0%           95%         1
 Blink                    Tloc           N/A          99%         2
 Call Imp                 Summ           0%           99%         2
 Slow                     Hex            0%           99%         2
 Conjure Flame            Conj/Fire      0%           100%        3
 Mephitic Cloud           Conj/Pois/Air  0%           100%        3


Dungeon Overview and Level Annotations

Branches:
Dungeon (7/15)             Temple (1/1) D:4         Ossuary (visited)

Altars:
Ashenzari
Cheibriados
Elyvilon
Gozag
Hepliaklqana
Kikubaaqudgha
Nemelex Xobeh
Okawaru
Qazlal
Ru
Sif Muna
Uskayaw
Wu Jian
Yredelemnul
Zin
The Shining One

Shops:
D:5 *   D:6 !

Annotations:
D:7 Eustachio


Innate Abilities, Weirdness & Mutations

You reflexively headbutt those who attack you in melee.
You have a pair of horns on your head.
You are clumsy. (Dex -2)


Message History

* * * LOW HITPOINT WARNING * * *
You block the gnoll sergeant's attack.
You take 7 damage, and have 5/82 hp.
You feel much better. You block Eustachio's attack.
The orc warrior barely misses you. You furiously retaliate!
You headbutt the orc warrior.
You regained 20 hp, and now have 25/82 hp.
You closely miss Eustachio.
Eustachio is lightly wounded.
You hit the orc warrior but do no damage.
The gnoll sergeant closely misses you. Eustachio hits you but does no damage.
You block the orc warrior's attack.
You closely miss Eustachio.
Eustachio is lightly wounded.
You hit the orc warrior. You block the gnoll sergeant's attack.
Eustachio hits you but does no damage.
The orc warrior hits you with a +0 great sword!
* * * LOW HITPOINT WARNING * * *
The gnoll sergeant hits you from afar with a +0 trident!
You die...

#... .. #..# #. #
#..#)#..# ##..###...
##.........
#.......... ###
#.F.#.....
#.#...##o#.....#
.......@@gz.....
..#...##)#r....# ###
#.##...## ###.######
#.....# #######.#.#.#
#.....#.#.#.#
#.###.#.#.#.#########
#.#...†..............


You could see Eustachio, an orc warrior, a gnoll sergeant, a bullfrog, a wight
and a river rat (summoned).

Vanquished Creatures
  Maggie (D:6)
  Grinder (D:5)
  A steam dragon (D:6)
  Edmund (D:4)
  Duvessa (D:6)
  A sky beast (D:6)
  An ogre (D:7)
  2 centaurs
  3 bullfrogs
  Dowan (D:6)
  6 wights (D:7)
  A howler monkey (D:6)
  5 orc priests
  A bullfrog skeleton (D:4)
  A gnoll shaman (D:5)
  2 iguanas (D:4)
  3 orc wizards
  A worker ant (D:7)
  Natasha (thrice) (D:4)
  A hound zombie (D:5)
  A hound skeleton (D:7)
  8 mummies (Ossuary)
  5 adders
  7 gnolls
  2 white imps
  2 oozes (D:1)
  2 dart slugs
  3 leopard geckos
  33 orcs
  5 giant cockroaches
  2 gnoll zombies (Ossuary)
  5 goblins
  3 hobgoblins
  8 jackals
  2 quokkas
  2 ball pythons (D:1)
  4 bats
  6 frilled lizards
  6 kobolds
  A kobold zombie (Ossuary)
  5 orc zombies (Ossuary)
  A quokka skeleton (D:5)
  A quokka zombie (D:7)
  7 rats
158 creatures vanquished.

Notes
Turn   | Place    | Note
-------+----------+-------------------------------------------
     0 | D:1      | kaeus the Minotaur Fighter began the quest for the Orb.
     0 | D:1      | Reached XP level 1. HP: 19/19 MP: 0/0
    74 | D:1      | Reached XP level 2. HP: 19/27 MP: 1/1
   615 | D:1      | Reached XP level 3. HP: 33/33 MP: 2/2
   837 | D:2      | Found an ornate altar of the Wu Jian Council.
  1000 | D:2      | Reached XP level 4. HP: 20/41 MP: 3/3
  1378 | D:2      | Found a sparkling altar of Nemelex Xobeh.
  1738 | D:3      | Noticed a centaur
  1747 | D:3      | Killed a centaur
  1748 | D:3      | Reached XP level 5. HP: 19/47 MP: 4/4
  2331 | D:3      | Reached skill level 5 in Fighting
  2331 | D:3      | Reached skill level 5 in Armour
  2331 | D:3      | Reached skill level 5 in Shields
  2601 | D:4      | Found a staircase to the Ecumenical Temple.
  2638 | Temple   | Entered the Ecumenical Temple
  2700 | Temple   | Became a worshipper of the Shining One
  2771 | D:4      | Reached XP level 6. HP: 32/56 MP: 5/5
  3077 | D:4      | Noticed Natasha
  3092 | D:4      | Killed Natasha
  3478 | D:4      | Found a white marble altar of Elyvilon.
  3572 | D:4      | Noticed Edmund
  3589 | D:4      | Killed Edmund
  3694 | D:4      | Reached skill level 5 in Axes
  3694 | D:4      | Reached XP level 7. HP: 60/62 MP: 6/6
  3762 | D:4      | Noticed Natasha
  3771 | D:4      | Killed Natasha
  3778 | D:4      | Noticed Natasha
  3784 | D:4      | Killed Natasha
  3852 | D:4      | Reached * piety under the Shining One
  4162 | D:5      | Entered Level 5 of the Dungeon
  4181 | D:5      | Noticed Grinder
  4193 | D:5      | Paralysed by Grinder for 2 turns
  4197 | D:5      | Killed Grinder
  4294 | D:5      | Found Tunorout's Assorted Antiques.
  4388 | D:5      | Found a sand-covered staircase.
  4397 | Ossuary  | Entered an ossuary
  4402 | Ossuary  | Reached ** piety under the Shining One
  4541 | Ossuary  | Reached XP level 8. HP: 71/71 MP: 7/7
  4714 | D:5      | Reached *** piety under the Shining One
  5444 | D:6      | Found Coungaru's Distillery.
  5445 | D:6      | Noticed Maggie
  5459 | D:6      | Killed Maggie
  6031 | D:6      | Noticed Duvessa
  6031 | D:6      | Noticed Dowan
  6040 | D:6      | Killed Duvessa
  6041 | D:6      | Killed Dowan
  6042 | D:6      | Reached XP level 9. HP: 73/81 MP: 8/8
  6085 | D:6      | Got a warped leather armour
  6096 | D:6      | Identified the +1 leather armour of Oppoabbe {Rampage Will-
                  | Dex+5} (You found it on level 6 of the Dungeon)
  6970 | D:7      | Reached **** piety under the Shining One
  6979 | D:7      | Noticed Eustachio
  6981 | D:7      | HP: 2/82 [gnoll sergeant/+0 trident (9)]
  6983 | D:7      | Gained mutation: You are clumsy. (Dex -2) [potion of
                  | mutation]
  6983 | D:7      | Gained mutation: You are weak. (Str -2) [potion of
                  | mutation]
  6983 | D:7      | Lost mutation: You are weak. (Str -2) [potion of mutation]
  6992 | D:7      | Slain by a gnoll sergeant

Illustrated notes

Levels and vault maps discovered:
D:1:      elethiomel_arrival_shortcut, layout_loops_ring
D:2:      layout_basic, pdpol_wu_jian_five_deadly_venoms,
          nemelex_xobeh_ov_fountains_minmay
D:3:      layout_loops_corners
D:4:      layout_loops_cross, minmay_temple_entry_arrows, elyvilon_altar_4,
          uniq_edmund, uniq_natasha
D:5:      layout_loops_ring, nicolae_ossuary_entry_ruins, serial_shops,
          kennysheep_mini, uniq_grinder
D:6:      layout_rooms, serial_shops, shop_statue, amcnicky_mini_pool_small,
          lightli_orcish_oven, uniq_maggie, uniq_duvessa
D:7:      layout_loops_corners, sword_in_stone
Temple:   nicolae_temple_god_jail

Skill      XL: |  1  2  3  4  5  6  7  8  9 |
---------------+----------------------------+-----
Shields        | 4 5 6 7 8 |  8.4
Fighting       | 4 5 6 8 |  8.4
Armour         | 4 5 6 8 |  8.4
Axes           | 3 4 5 7 |  7.9

Action                   |  1- 3 |  4- 6 |  7- 9 || total
-------------------------+-------+-------+-------++-------
Melee: War axe           |    63 |   126 |   202 ||   391
       Headbutt          |     9 |    23 |    48 ||    80
  Use: Scroll            |       |       |    10 ||    10
       Potion            |       |       |     5 ||     5
Armor: Scale mail        |    21 |    47 |    41 ||   109
Dodge: Dodged            |    21 |    31 |    54 ||   106
Block: Kite shield       |    46 |    61 |   110 ||   217
